 Dungeon Crawl Stone Soup version 0.31-a0-185-g9dded2c639 (webtiles) character file.

Game seed: 13673309974027530255

56 qw the Shooter (level 3, 0/20 HPs)
             Began as a Deep Elf Hunter on June 22, 2023.
             Succumbed to a kobold brigand's curare-tipped dart
             ... on level 3 of the Dungeon.
             The game lasted 00:00:37 (1310 turns).

qw the Shooter (Deep Elf Hunter)                    Turns: 1310, Time: 00:00:38

Health: 0/20       AC:  5    Str: 10    XL:     3   Next: 71%
Magic:  5/5        EV: 12    Int: 13    God:
Gold:   100        SH:  5    Dex: 18    Spells: 2/2 levels left

rFire   + . .        Y - +4 sling (flame)
rCold   + . .        (no shield)
rNeg    . . .        c - +0 leather armour
rPois   .            e - +0 helmet
rElec   .            h - scarf {rC+ rF+}
rCorr   .            f - +0 pair of gloves
SInv    .            (no boots)
Will    .....        k - amulet of reflection
Stlth   ++           (no ring)
HPRegen 0.23/turn    (no ring)
MPRegen 0.09/turn

%: reflection
@: lethally poisoned (0 -> -12), about to teleport, slowed, very slow
A: no striking features
a: no special abilities


You were on level 3 of the Dungeon.
You visited 1 branch of the dungeon, and saw 3 of its levels.

You collected 100 gold pieces.


   Skills:
 - Level 1.5 Fighting
 + Level 7.2 Ranged Weapons
 - Level 2.4 Dodging
 - Level 1.2 Stealth


You had 2 spell levels left.
You didn't know any spells.
Your spell library was empty.

Inventory:

Hand Weapons
 Y - a +4 sling of flaming (weapon)
Armour
 c - a +0 leather armour (worn)
 e - a +0 helmet (worn)
 f - a +0 pair of gloves (worn)
 h - a scarf of resistance (worn)
Jewellery
 k - an amulet of reflection (around neck)
Scrolls
 d - a scroll of identify
Potions
 i - a potion of cancellation {unknown}

Dungeon Overview and Level Annotations

Branches:
Dungeon (3/15)

Altars:


Message History

Done exploring.
(D) Dungeon
Where to? (* - list waypoints, Enter - D:3, ? - help)
What level of the Dungeon? (default 1, ? - help)
You climb downwards.
Found a stone staircase leading down.
There is a stone staircase leading up here.
Waypoint 2 assigned to D:3.
You open the door.
There is an open door here.
A kobold brigand comes into view.
It is wielding a +0 short sword and quivering curare-tipped darts.
You shoot a sling bullet.
The sling bullet hits the kobold brigand but does no damage.
The kobold brigand shouts!
You shoot a sling bullet.
The sling bullet hits the kobold brigand!
The sling bullet burns the kobold brigand.
The kobold brigand is heavily wounded.
The kobold brigand throws a curare-tipped dart.
The curare-tipped dart misses you.
You shoot a sling bullet.
The sling bullet hits the kobold brigand but does no damage.
The kobold brigand is moderately wounded.
The kobold brigand throws a curare-tipped dart.
The curare-tipped dart hits you.
You are poisoned.
You have difficulty breathing.
Ouch! That really hurt!
You feel yourself slow down.
You shoot a sling bullet.
The sling bullet closely misses the kobold brigand.
You feel extremely sick.
The kobold brigand throws a curare-tipped dart.
You block the curare-tipped dart with an invisible shield... and reflect it back!
The curare-tipped dart closely misses the kobold brigand.
A hobgoblin comes into view.
1310 ||| READING scroll of teleportation.
As you read the scroll of teleportation, it crumbles to dust.
You feel strangely unstable.
You die...

#... #..# ###..##
# #.....
#.##.#..#
#.......##
#.....####.#
#.@........#
g.K.?..#.########
########.# #.#
##'## ##...##
##.....##
#...<...#
#....>....#


You could see a kobold brigand and a hobgoblin (wandering).

Vanquished Creatures
  An adder (D:2)
  A dart slug (D:1)
  4 endoplasms
  5 giant cockroaches
  4 goblins
  5 hobgoblins
  5 quokkas (D:1)
  2 ball pythons (D:2)
  4 bats
  2 frilled lizards (D:1)
  4 kobolds
  4 rats
41 creatures vanquished.

Notes
Turn   | Place    | Note
-------+----------+-------------------------------------------
     0 | D:1      | qw the Deep Elf Hunter began the quest for the Orb.
     0 | D:1      | Reached XP level 1. HP: 12/12 MP: 3/3
     0 | D:1      | 0 ||| qw: Version: 0.3-a-9-g12657ce
     0 | D:1      | 0 ||| qw: Game counter: 1839
     0 | D:1      | 0 ||| qw: Always use a shield: true
     0 | D:1      | 0 ||| qw: God list: Okawaru
     0 | D:1      | 0 ||| qw: Allow faded altars: false
     0 | D:1      | 0 ||| qw: Do Orc after D:15 true
     0 | D:1      | 0 ||| qw: Do second Lair branch before Depths: true
     0 | D:1      | 0 ||| qw: Lair rune preference: random
     0 | D:1      | 0 ||| qw: Plans: Normal
     0 | D:1      | 0 ||| PLANNING D:1-11
   124 | D:1      | Reached XP level 2. HP: 16/16 MP: 4/4
   134 | D:1      | Reached skill level 6 in Ranged Weapons
   253 | D:1      | 253 ||| DROPPING +2 sling of freezing.
   413 | D:1      | HP: 4/16 [quokka (2)]
   635 | D:1      | 635 ||| UPGRADING to +0 pair of gloves.
   640 | D:1      | 640 ||| UPGRADING to scarf of resistance.
   645 | D:1      | 645 ||| READING 2 scrolls labelled IXKICEF PIMON.
   648 | D:1      | 648 ||| READING scroll labelled LOLEED YLACY.
   649 | D:1      | 649 ||| DROPPING scroll of butterflies.
   690 | D:2      | 690 ||| SWAPPING to +4 sling of flaming.
   691 | D:2      | 691 ||| DROPPING +0 shortbow.
   746 | D:2      | Reached XP level 3. HP: 20/20 MP: 5/5
   944 | D:2      | Reached skill level 7 in Ranged Weapons
  1154 | D:2      | 1154 ||| UPGRADING to +0 helmet.
  1159 | D:2      | 1159 ||| UPGRADING to amulet of reflection.
  1164 | D:2      | 1164 ||| READING scroll labelled TAREQA UNYTWERPH.
  1165 | D:2      | 1165 ||| READING scroll labelled WOSEG ERHAPA.
  1166 | D:2      | 1166 ||| READING 2 scrolls of identify.
  1166 | D:2      | 1166 ||| IDENTIFYING orange potion
  1167 | D:2      | 1167 ||| DROPPING potion of degeneration.
  1169 | D:2      | 1169 ||| Stepping ~*~*~tactically~*~*~ (cloud).
  1173 | D:2      | HP: 4/20 [poisoned by you (poison gas)]
  1177 | D:2      | HP: 1/20 [poisoned by you (poison gas)]
  1305 | D:3      | Noticed a kobold brigand
  1309 | D:3      | HP: 4/20 [poisoned by a kobold brigand (curare-tipped
                  | dart)]
  1310 | D:3      | 1310 ||| READING scroll of teleportation.
  1310 | D:3      | Succumbed to a kobold brigand's curare-tipped dart

Levels and vault maps discovered:
D:1:      amcnicky_arrival_blooded_trapdoor, layout_basic
D:2:      layout_loops_ring, serial_glass, glass_columns_b, glass_columns_a,
          glass_columns_a, glass_columns_a, glass_columns_a, glass_columns_c,
          due_unseen_surprise, item_on_display_a, item_on_display_a,
          minmay_strange_pillars, minmay_misc_feat_plants
D:3:      layout_loops_corners, mainiacjoe_overflow_swirl,
          pf_guarded_unrand_delatra, uniq_crazy_yiuf_cottage

Skill      XL: |  1  2  3 |
---------------+----------+-----
Ranged Weapons | 6 7 |  7.2
Fighting       | |  1.5
Dodging        | |  2.4
Stealth        | |  1.2

Action                     || total
---------------------------++-------
   Fire: Shortbow          ||    59
         Sling             ||    37
    Use: Scroll            ||     6
 Armour: Leather armour    ||     3
  Dodge: Dodged            ||    24
  Block: Other             ||     1
         Reflection        ||     1

Table legend:
 A = Non-vault XP
 B = Vault XP
 C = Vault XP percentage of total XP
 D = Non-vault monster count
 E = Vault monster count
 F = Vault count percentage of total count
                 A         B        C        D         E       F
            +---------+---------+-------+---------+---------+-------
      Total |      81 |       0 |   0.0 |      41 |       0 |   0.0
            +---------+---------+-------+---------+---------+-------
        D:1 |      36 |       0 |   0.0 |      21 |       0 |   0.0
        D:2 |      45 |       0 |   0.0 |      20 |       0 |   0.0
            +---------+---------+-------+---------+---------+-------
